 Dungeon Crawl Stone Soup version 0.26-a0-682-g294304f6e8 (webtiles) character file.

Game seed: 10864227603544579605

1624 jiml777 the Magician (level 8, -2/41 HPs)
             Began as a Deep Elf Air Elementalist on Oct 20, 2020.
             Was an Initiate of Sif Muna.
             Slain by Golfball's ghost (16 damage)
             ... on level 5 of the Dungeon.
             The game lasted 01:06:18 (7118 turns).

jiml777 the Magician (Deep Elf Air Elementalist)    Turns: 7118, Time: 01:06:18

Health: -2/41      AC:  5    Str:  5    XL:     8   Next: 65%
Magic:  6/20       EV: 13    Int: 23    God:    Sif Muna [......]
Gold:   18         SH:  0    Dex: 15    Spells: 8/21 levels left

rFire    . . .     SeeInvis .   u - staff of earth
rCold    . . .     Faith    .   (no shield)
rNeg     . . .     Spirit   .   a - +0 robe
rPois    .         Reflect  .   q - +0 helmet
rElec    .         Harm     .   j - +0 cloak
rCorr    .         Rampage  .   (no gloves)
MR       .....                  e - +0 pair of boots
Stlth    +++.......             (no amulet)
HPRegen  0.13/turn              o - ring of flight
MPRegen  0.17/turn              (no ring)

@: hasted, very quick
A: no striking features
a: Renounce Religion, Evoke Flight


You were on level 5 of the Dungeon.
You worshipped Sif Muna.
Sif Muna was noncommittal.
You visited 2 branches of the dungeon, and saw 6 of its levels.
You also visited: Sewer.

You collected 327 gold pieces.
You spent 309 gold pieces at shops.

Inventory:

Hand Weapons
 k - a +2 hand axe of electrocution
 p - a +2 dagger of venom
Missiles
 d - 91 stones (quivered)
 g - 5 poisoned darts
 B - 5 curare-tipped darts
Armour
 a - a +0 robe (worn)
 e - a +0 pair of boots (worn)
 j - a +0 cloak (worn)
 q - a +0 helmet (worn)
Magical Staves
 u - an uncursed staff of earth (weapon)
Jewellery
 o - a ring of flight (left hand)
Wands
 t - a wand of digging (5)
 E - a wand of paralysis (9)
Scrolls
 i - 3 scrolls of magic mapping
 n - 4 scrolls of teleportation
 r - 3 scrolls of identify
 y - a scroll of fear
 z - a scroll of remove curse
 C - a scroll of immolation {unknown}
Potions
 b - a potion of resistance
 c - a potion of cancellation
 f - a potion of mutation
 h - 2 potions of brilliance
 l - a potion of berserk rage
 m - a potion of lignification
 s - 4 potions of curing
 x - 3 potions of flight
 A - a potion of magic
 D - a potion of might


   Skills:
 + Level 0.1 Fighting
 + Level 0.1 Short Blades
 + Level 0.1 Staves
 + Level 3.0 Dodging
 + Level 3.9 Stealth
 + Level 7.3 Spellcasting
 + Level 5.3 Conjurations
 * Level 3.2 Translocations
 * Level 3.2 Transmutations
 + Level 5.9 Air Magic
 * Level 3.0 Earth Magic
 * Level 2.0 Evocations


You had 8 spell levels left.
You knew the following spells:

 Your Spells              Type           Power        Failure   Level
a - Shock                 Conj/Air       ####         1%          1
b - Swiftness             Air            #####...     1%          2
c - Static Discharge      Conj/Air       ####....     2%          3
d - Gell's Gravitas       Tloc           ###.......   6%          3
e - Petrify               Tmut/Erth      ####....     21%         4

Your spell library contained the following spells:

 Spells                   Type           Power        Failure   Level
 Airstrike                Air            #####.....   6%          4
 Lightning Bolt           Conj/Air       ####......   21%         5
 Confusing Touch          Hex            #.......     22%         3
 Yara's Violent Unravell  Hex/Tmut       ###.......   71%         5
 Metabolic Englaciation   Hex/Ice        #.........   91%         5


Dungeon Overview and Level Annotations

Branches:
Dungeon (5/15)             Temple (1/1) D:5           Sewer (visited)

Altars:
Ashenzari
Cheibriados
Dithmenos
Elyvilon
Fedhas
Gozag
Hepliaklqana
Kikubaaqudgha
Makhleb
Nemelex Xobeh
Okawaru
Qazlal
Ru
Sif Muna
Trog
Uskayaw
Vehumet
Wu Jian
Xom
Yredelemnul
Zin
The Shining One

Shops:
D:5 *:*(!

Annotations:
D:5 Golfball's ghost, novice TrFi


Message History

Press: ? - help, Shift-Dir - straight line The zap hits Golfball's ghost.
Golfball's ghost is severely damaged.
The zap hits Golfball's ghost.
Golfball's ghost is almost destroyed.
Golfball's ghost hits you!
* * * LOW HITPOINT WARNING * * *
You feel much better. Golfball's ghost hits you.
Your magical contamination has completely faded away.
Casting: Shock (safe; 1% risk of failure)
Confirm with . or Enter, or press ? or * to list all spells.
Aiming: Shock (safe; 1% risk of failure)
Press: ? - help, Shift-Dir - straight line The zap hits Golfball's ghost.
Golfball's ghost is almost destroyed.
The zap hits Golfball's ghost.
Golfball's ghost is almost destroyed.
Golfball's ghost hits you!
You feel yourself speed up. Golfball's ghost hits you!
You die...

..#8.....8# ##.## #........
..##.....#* #..## ##........
..#*8...8# ##..# #.........
.##*##_##* ##.## ##.........
..####### ####...####..........
..†....######.......##...........
##...(...............#...........
####............................
###.........@#####...........
#......##W##.⌠.##..........
#......##.#.#)#.##..##.....
#........)'.)#...#.#..)....
#.....##.)'))...$#.##......
##.....###.'..#...#.#.......
###......# #.#.#.#.##.........
###........# #.##.⌠.###.........
#..........# #..#######...∩.....


You could see Golfball's ghost.

Vanquished Creatures
  Sigmund (D:2)
  Eustachio (D:4)
  An ice beast (D:5)
  2 ogres
  A centaur (D:4)
  3 big kobolds
  A scorpion (D:4)
  A centaur zombie (D:5)
  2 howler monkeys
  2 hounds (D:5)
  An orc priest (D:3)
  2 bullfrog skeletons
  Jessica (D:2)
  Ijyb (D:4)
  Natasha (thrice) (D:2)
  2 worker ants
  A hound zombie (D:5)
  Robin (D:2)
  8 adders
  2 river rats
  A shadow imp (D:5)
  A white imp (D:5)
  4 oozes
  An adder skeleton (D:4)
  8 worms
  2 dart slugs
  4 leopard geckos
  5 orcs
  6 bats
  6 giant cockroaches
  14 goblins
  11 hobgoblins
  11 jackals
  3 quokkas
  3 ball pythons
  A ball python skeleton (D:4)
  5 frilled lizards
  24 kobolds
  9 rats
156 creatures vanquished.

Vanquished Creatures (others)
  A plant (D:3)
1 creature vanquished.

Grand Total: 157 creatures vanquished

Notes
Turn   | Place    | Note
-------+----------+-------------------------------------------
     0 | D:1      | jiml777 the Deep Elf Air Elementalist began the quest for
                  | the Orb.
     0 | D:1      | Reached XP level 1. HP: 10/10 MP: 6/6
   165 | D:1      | Reached XP level 2. HP: 15/15 MP: 6/8
   169 | D:1      | Learned a level 2 spell: Swiftness
   606 | D:1      | Reached XP level 3. HP: 19/19 MP: 3/9
   949 | D:2      | Noticed Sigmund
  1184 | D:2      | Killed Sigmund
  1184 | D:2      | Reached skill level 4 in Spellcasting
  1184 | D:2      | Reached XP level 4. HP: 16/24 MP: 1/12
  1184 | D:2      | Reached XP level 5. HP: 19/28 MP: 1/13
  1205 | D:2      | Learned a level 3 spell: Static Discharge
  1726 | D:2      | Noticed Natasha
  1736 | D:2      | Killed Natasha
  1736 | D:2      | Reached skill level 5 in Spellcasting
  1858 | D:2      | Noticed Robin
  1869 | D:2      | Killed Robin
  2200 | D:2      | Noticed Jessica
  2208 | D:2      | Killed Jessica
  2208 | D:2      | Reached XP level 6. HP: 32/32 MP: 9/15
  2304 | D:2      | Noticed Natasha
  2316 | D:2      | Killed Natasha
  2344 | D:2      | Noticed Natasha
  2348 | D:2      | Killed Natasha
  3186 | D:3      | Learned a level 3 spell: Gell's Gravitas
  3191 | D:3      | Learned a level 4 spell: Petrify
  3634 | D:4      | Noticed Eustachio
  3664 | D:4      | Killed Eustachio
  3664 | D:4      | Reached skill level 6 in Spellcasting
  3664 | D:4      | Reached skill level 1 in Translocations
  3664 | D:4      | Reached skill level 5 in Air Magic
  3664 | D:4      | Reached XP level 7. HP: 24/36 MP: 6/18
  3819 | D:4      | Reached skill level 1 in Transmutations
  3819 | D:4      | Reached skill level 1 in Earth Magic
  4038 | D:4      | Noticed Ijyb
  4060 | D:4      | Killed Ijyb
  4143 | D:4      | Found a broken altar of Ashenzari.
  4147 | D:4      | Saw a vision of the Shoals and the Spider Nest.
  4147 | D:4      | Noticed a redback
  4147 | D:4      | Noticed a redback
  4147 | D:4      | Noticed a redback
  4147 | D:4      | Noticed a redback
  4147 | D:4      | Noticed a wolf spider
  4148 | D:4      | Noticed a merfolk siren
  4149 | D:4      | Noticed a redback
  4149 | D:4      | Noticed a redback
  4769 | D:5      | Entered Level 5 of the Dungeon
  4980 | D:5      | Found Zaonuc's Distillery.
  5002 | D:5      | Bought a potion of curing for 33 gold pieces
  5002 | D:5      | Bought a potion of haste for 110 gold pieces
  5002 | D:5      | Bought a potion of heal wounds for 55 gold pieces
  5002 | D:5      | Bought a potion of curing for 33 gold pieces
  5002 | D:5      | Bought a potion of flight for 33 gold pieces
  5100 | D:5      | Reached XP level 8. HP: 22/41 MP: 14/19
  5138 | D:5      | Found Sawkaf's Weapon Boutique.
  5165 | D:5      | Found Safesam's General Store.
  5260 | D:5      | Found a glowing drain.
  5264 | Sewer    | Entered a sewer
  5674 | Sewer    | Reached skill level 1 in Evocations
  5732 | Sewer    | Reached skill level 5 in Conjurations
  5869 | D:5      | Reached skill level 7 in Spellcasting
  6076 | D:5      | Bought a scroll of fear for 45 gold pieces
  6078 | D:5      | Found Biekeg's Book Shoppe.
  6104 | D:5      | Found Pias's Assorted Antiques.
  6132 | D:5      | Found a staircase to the Ecumenical Temple.
  6234 | Temple   | Entered the Ecumenical Temple
  6392 | Temple   | Became a worshipper of Sif Muna the Loreminder
  6727 | D:5      | Found a runed translucent gate.
  6728 | D:5      | Found a runed translucent gate.
  6728 | D:5      | Found a runed translucent gate.
  6728 | D:5      | Noticed Golfball's ghost (novice TrFi)
  6737 | D:5      | Found a white marble altar of Elyvilon.
  7118 | D:5      | Slain by Golfball's ghost

Illustrated notes

Levels and vault maps discovered:
D:1:      evilmike_arrival_hilbert_curve, layout_basic
D:2:      layout_loops_cross, uniq_jessica, uniq_natasha, uniq_sigmund,
          uniq_robin
D:3:      layout_basic, chequers_serial_rivers_micro_b, serial_bayou_pond_b
D:4:      layout_basic, st_stairs_4, grunt_ashenzari_visionary
          [grunt_ashenzari_visionary_shoals, grunt_ashenzari_visionary_spider],
          uniq_ijyb, uniq_eustachio
D:5:      layout_cave_pods, nicolae_overflow_hidden_temple, temple_green,
          gup_sewer_entry_spiral, gammafunk_ghost_nasty_kobolds, serial_shops,
          nicolae_shop_waterfront, shop_coins,
          nicolae_shop_competitors_out_of_business, shop,
          nicolae_shop_temple_entry_statues_fountains
Temple:   roderic_octagonal_lattice_temple

Skill      XL: |  1  2  3  4  5  6  7  8 |
---------------+-------------------------+-----
Stealth        | 3 |  3.9
Spellcasting   | 4 5 6 7 |  7.3
Conjurations   | 2 3 4 5 |  5.3
Air Magic      | 4 5 |  5.9
Translocations | 1 2 3 |  3.2
Transmutations | 1 3 |  3.2
Earth Magic    | 2 3 |  3.0
Evocations     | 2 |  2.0
Dodging        | 3 |  3.0
Fighting       | |  0.1
Short Blades   | |  0.1
Staves         | |  0.1

Action                   |  1- 3 |  4- 6 |  7- 9 || total
-------------------------+-------+-------+-------++-------
Melee: Dagger            |       |     1 |       ||     1
       Staff             |       |       |    13 ||    13
 Cast: Shock             |    57 |   134 |   169 ||   360
       Swiftness         |       |     1 |       ||     1
       Gell's Gravitas   |       |       |     2 ||     2
  Use: Scroll            |     4 |     7 |     6 ||    17
       Potion            |       |       |     3 ||     3
Armor: Robe              |       |    12 |    12 ||    24
Dodge: Dodged            |    15 |    26 |    42 ||    83

Table legend: (Time is in decaauts)
 A = Elapsed time spent in this place.
 B = Non-inter-level travel time spent in this place.
 C = Inter-level travel time spent in this place.
 D = Time resting spent in this place.
 E = Time spent auto-exploring this place.
 F = Levels seen in this place.
 G = Mean time per level.
                   A        B        C        D        E       F      G
               +--------+--------+--------+--------+--------+-----+--------+
         Total |   7227 |   7141 |     86 |   2370 |   2457 |   7 | 1032.4 |
       Dungeon |   6363 |   6294 |     69 |   2096 |   2256 |   5 | 1272.6 |
        Temple |    225 |    208 |     17 |      0 |    201 |   1 |  225.0 |
         Sewer |    637 |    637 |      0 |    274 |      0 |   1 |  637.0 |
               +--------+--------+--------+--------+--------+-----+--------+

Top non-repeatable levels by time:
     D:2: 1713 daAuts
     D:5: 1598 daAuts
     D:4: 1132 daAuts
     D:3: 994 daAuts
     D:1: 925 daAuts
   Sewer: 637 daAuts
  Temple: 225 daAuts
